 Dungeon Crawl Stone Soup version 0.27-a0-860-gaf99fae3ca (webtiles) character file.

Game seed: 2383111103129370336

2634 jasper the Carver (level 9, -14/108 HPs)
             Began as a Demonspawn Delver on Apr 1, 2021.
             Was a Priest of Trog.
             Demolished by an orc warrior
             ... wielding a +0 halberd
              (15 damage)
             ... in a bailey.
             The game lasted 00:15:19 (7923 turns).

jasper the Carver (Demonspawn Delver)               Turns: 7923, Time: 00:15:20

Health: -14/108    AC:  9    Str: 16    XL:     9   Next: 35%
Magic:  9/9        EV:  9    Int: 11    God:    Trog [***...]
Gold:   165        SH:  9    Dex: 15    Spells: 8/8 levels left

rFire    . . .     SeeInvis .   D - +0 long sword (vorpal)
rCold    + . .     Faith    .   I - +0 kite shield
rNeg     + . .     Spirit   .   E - +0 scale mail {rC+}
rPois    +         Reflect  .   (no helmet)
rElec    .         Harm     .   x - +0 cloak
rCorr    .         Rampage  .   n - +0 pair of gloves
Will     .....                  (boots unavailable)
Stlth    ..........             (no amulet)
HPRegen  0.28/turn              A - ring of poison resistance
MPRegen  0.11/turn              G - ring of positive energy

@: berserking (expiring), very quick
A: hooves 3, repulsion field 1, powered by death 1, demonic magic 1
a: Renounce Religion, Berserk, Trog's Hand


You were in a bailey.
You worshipped Trog.
Trog was most pleased with you.
You visited 1 branch of the dungeon, and saw 8 of its levels.
You also visited: Bailey.

You collected 348 gold pieces.
You spent 183 gold pieces at shops.

Inventory:

Hand Weapons
 a - a +0 falchion
 D - a +0 vorpal long sword (weapon)
 M - the +0 short sword of Okawaru's Benevolence {flame, +Inv rN+}
   (You found it on level 6 of the Dungeon)

   It has been specially enchanted to burn those struck by it, causing extra
   injury to most foes and up to half again as much damage against particularly
   susceptible opponents.
   It protects you from negative energy.
   It lets you turn invisible.
Missiles
 i - 33 sling bullets
 j - 302 stones (quivered)
 k - 4 atropa-tipped darts
 u - 7 poisoned darts
 y - 3 boomerangs
 F - 3 silver javelins
 N - a throwing net
Armour
 b - a +0 leather armour
 h - a +0 ring mail
 n - a +0 pair of gloves (worn)
 q - a +0 buckler
 x - a +0 cloak (worn)
 C - a +0 chain mail
 E - a +0 scale mail of cold resistance (worn)
 I - a +0 kite shield (worn)
Jewellery
 A - a ring of poison resistance (left hand)
 G - a ring of positive energy (right hand)
 H - an amulet of magic regeneration
Wands
 g - a wand of digging (3)
 w - a wand of flame (14)
 z - a wand of random effects (9)
 J - a wand of polymorph (7)
Scrolls
 c - a scroll of fog
 d - 2 scrolls of magic mapping
 p - 2 scrolls of amnesia
 r - a scroll of vulnerability
 t - 3 scrolls of teleportation
 O - a scroll of identify
Potions
 e - a potion of ambrosia {unknown}
 f - 2 potions of haste
 l - 5 potions of curing
 m - a potion of lignification
 o - a potion of cancellation
 s - a potion of resistance {unknown}
 v - a potion of attraction {unknown}
 B - a potion of degeneration {unknown}
 K - a potion of mutation {unknown}
 L - a potion of berserk rage {unknown}


   Skills:
 + Level 7.0 Fighting
 * Level 8.4 Long Blades
 + Level 3.3 Armour
 - Level 1.7 Dodging
 - Level 4.5 Stealth
 - Level 4.0 Shields
 - Level 2.0 Unarmed Combat


You had 8 spell levels left.
You didn't know any spells.
Your spell library contained the following spells:

 Spells                   Type           Power      Damage    Failure   Level
 Beastly Appendage        Tmut           0%         N/A       99%         1
 Wereblood                Tmut           0%         N/A       100%        2
 Spider Form              Tmut/Pois      0%         N/A       100%        3
 Ice Form                 Ice/Tmut       0%         N/A       100%        4
 Hydra Form               Tmut           0%         N/A       100%        5


Dungeon Overview and Level Annotations

Branches:
Dungeon (8/15)             Temple (0/1) D:6          Bailey (1/1)
   Lair: D:8-11

Altars:
Elyvilon
Fedhas
Hepliaklqana
Kikubaaqudgha
Okawaru
Trog
Vehumet
The Shining One

Shops:
D:4 !   D:6 [

Annotations:
D:7 Dowan, Duvessa


Innate Abilities, Weirdness & Mutations

You have hooves in place of feet.
You are surrounded by a mild repulsion field. (EV +2)
You regenerate a little health from kills.
Spells you cast may paralyse adjacent enemies.


Message History

The bolt hits you!
Things that are here:
a +0 halberd; a +0 ring mail You take 9 damage, and have 45/72 hp.
The orc warrior barely misses you.
The orc warrior shoots a bolt.
The bolt hits you!
You take 11 damage, and have 34/72 hp.
A red film seems to cover your vision as you go berserk!
You feel yourself moving faster!
You feel mighty!
The orc warrior hits you with a +0 halberd!
The orc warrior shoots a bolt.
The bolt closely misses you.
You now have 37/108 hp.
You slash the orc warrior!
The orc warrior is heavily wounded.
You hit the orc warrior but do no damage.
The orc warrior is heavily wounded.
The orc warrior hits you with a +0 halberd!
* * * LOW HITPOINT WARNING * * *
The orc warrior shoots a bolt.
The bolt hits you but does no damage.
You take 9 damage, and have 28/108 hp.
You barely miss the orc warrior. Your kick misses the orc warrior.
The orc warrior is heavily wounded.
The orc warrior hits you with a +0 halberd!
* * * LOW HITPOINT WARNING * * *
You take 12 damage, and have 16/108 hp.
You hit the orc warrior. Your kick misses the orc warrior.
The orc warrior is severely wounded.
The orc warrior shoots a bolt.
The bolt hits you.
* * * LOW HITPOINT WARNING * * *
The orc warrior closely misses you.
You riposte.
You closely miss the orc warrior.
The orc warrior is severely wounded.
You take 2 damage, and have 14/108 hp.
You hit the orc warrior.
You kick the orc warrior, but do no damage.
The orc warrior is severely wounded.
The orc warrior shoots a bolt.
The bolt hits you!
* * * LOW HITPOINT WARNING * * *
The orc warrior hits you with a +0 halberd!
You die...

### ###
##.###########∩## ##
#...##.....##...##..
#$.o#..≈≈≈..#...#..≈
#?.@#.≈≈.≈≈.......≈≈
#.).'.≈.∩)≈.......≈o
#...#.≈≈.≈≈.))..).≈≈
#$..#..≈≈≈..#..)#..≈
#.o.##.....##.∩.#
##.###########∩##
### ###


You could see 2 orc warriors.

Vanquished Creatures
  Grinder (D:4)
  A wyvern (D:4)
  Edmund (D:5)
  2 ice beasts
  3 sky beasts
  6 orc warriors
  A hornet zombie (D:8)
  2 ogres
  2 phantoms
  A bullfrog (D:6)
  A scorpion (D:2)
  A water moccasin skeleton (D:4)
  A centaur zombie (D:3)
  2 hounds (D:6)
  Crazy Yiuf (D:3)
  2 orc priests
  Ijyb (D:4)
  2 iguanas
  A howler monkey skeleton (D:6)
  9 adders
  6 gnolls (D:4)
  A shadow imp (D:5)
  An ufetubus (D:6)
  An adder skeleton (D:3)
  4 worms
  3 dart slugs
  29 orcs
  9 ball pythons
  7 bats
  7 endoplasms
  A giant cockroach (D:2)
  14 goblins
  15 hobgoblins
  3 jackals (D:2)
  3 quokkas
  5 frilled lizards
  13 kobolds
  6 rats
  A spectral orc (D:7)
170 creatures vanquished.

Vanquished Creatures (others)
  5 plants (D:4)
5 creatures vanquished.

Grand Total: 175 creatures vanquished

Notes
Turn   | Place    | Note
-------+----------+-------------------------------------------
     0 | D:5      | jasper the Demonspawn Delver began the quest for the Orb.
     0 | D:5      | Reached XP level 1. HP: 18/18 MP: 1/1
   119 | D:3      | Reached skill level 1 in Unarmed Combat
   160 | D:3      | Found a radiant altar of Vehumet.
   271 | D:3      | Gained mutation: You have large cloven feet. [demonic
                  | ancestry]
   271 | D:3      | Reached XP level 2. HP: 23/24 MP: 2/2
   312 | D:2      | Noticed a scorpion
   327 | D:1      | Learned a level 1 spell: Beastly Appendage
   383 | D:1      | Found a faded altar of an unknown god.
   393 | D:1      | Became a worshipper of Trog the Wrathful
   393 | D:1      | Reached * piety under Trog
   450 | D:1      | Found an iron altar of Okawaru.
   749 | D:1      | Reached skill level 2 in Long Blades
   977 | D:1      | Reached XP level 3. HP: 29/29 MP: 3/3
  2165 | D:2      | Reached XP level 4. HP: 35/35 MP: 4/4
  2303 | D:2      | Killed a scorpion
  2304 | D:2      | Reached skill level 3 in Long Blades
  2304 | D:2      | Reached skill level 1 in Shields
  2468 | D:3      | Gained mutation: Spells you cast may paralyse adjacent
                  | enemies. [demonic ancestry]
  2468 | D:3      | Reached XP level 5. HP: 41/41 MP: 5/5
  2495 | D:3      | Reached ** piety under Trog
  3261 | D:3      | Found a runed translucent door.
  3262 | D:3      | Noticed Crazy Yiuf
  3270 | D:3      | Killed Crazy Yiuf
  3399 | D:4      | Reached skill level 4 in Long Blades
  3500 | D:4      | Noticed Grinder
  3517 | D:4      | Killed Grinder
  3518 | D:4      | Gained mutation: You have hoof-like feet. [demonic
                  | ancestry]
  3518 | D:4      | Reached XP level 6. HP: 46/48 MP: 6/6
  3526 | D:4      | Found a bloodstained altar of Trog.
  3595 | D:4      | Noticed Ijyb
  3602 | D:4      | Killed Ijyb
  3646 | D:4      | Found Wuxa's Distillery.
  3652 | D:4      | Bought 2 potions of curing for 60 gold pieces
  3652 | D:4      | Bought a potion of curing for 30 gold pieces
  3652 | D:4      | Bought a potion of curing for 30 gold pieces
  4013 | D:4      | Gained mutation: You are surrounded by a mild repulsion
                  | field. (EV +2) [demonic ancestry]
  4013 | D:4      | Reached XP level 7. HP: 51/55 MP: 7/7
  4036 | D:4      | Reached skill level 5 in Long Blades
  4312 | D:4      | Identified the +8 hand axe "Demon's Undoing" {venom, Will+}
  4342 | D:4      | Reached *** piety under Trog
  4440 | D:4      | Noticed a wyvern
  4450 | D:4      | Killed a wyvern
  4451 | D:4      | Reached skill level 5 in Fighting
  5039 | D:5      | Reached skill level 6 in Long Blades
  5180 | D:5      | Gained mutation: You have hooves in place of feet. [demonic
                  | ancestry]
  5180 | D:5      | Reached XP level 8. HP: 56/62 MP: 8/8
  5224 | D:5      | Found an iron altar of Okawaru.
  5232 | D:5      | Noticed Edmund
  5256 | D:5      | Killed Edmund
  6031 | D:6      | Reached skill level 1 in Armour
  6057 | D:6      | Reached skill level 7 in Long Blades
  6139 | D:6      | Found Tathrocu's Armour Boutique.
  6142 | D:6      | Bought a +0 kite shield for 63 gold pieces
  6479 | D:6      | Found a staircase to the Ecumenical Temple.
  6495 | D:6      | Identified the +0 short sword of Okawaru's Benevolence
                  | {flame, +Inv rN+}
  6841 | D:7      | Found a blossoming altar of Fedhas.
  6991 | D:7      | Found a hazy altar of Hepliaklqana.
  7038 | D:7      | Noticed Duvessa
  7038 | D:7      | Noticed Dowan
  7065 | D:7      | HP: 1/65 [Duvessa/+0 short sword (3)]
  7393 | D:8      | Found an ancient bone altar of Kikubaaqudgha.
  7578 | D:8      | Gained mutation: You regenerate a little health from kills.
                  | [demonic ancestry]
  7578 | D:8      | Reached XP level 9. HP: 71/71 MP: 9/9
  7649 | D:8      | Found a flagged portal.
  7672 | Bailey   | Entered a bailey
  7686 | Bailey   | Reached skill level 8 in Long Blades
  7923 | Bailey   | HP: 1/108 [orc warrior/bolt (13)]
  7923 | Bailey   | Demolished by an orc warrior

Illustrated notes

Levels and vault maps discovered:
D:1:      sevenhm_arrival_forest_fort_small_6, layout_basic,
          chequers_ecumenical_altar_grove, chequers_big_river,
          amethyst_killhole, interstate_on_off
D:2:      layout_rooms
D:3:      layout_loops_cross, gammafunk_temple_overflow_wave,
          uniq_crazy_yiuf_cottage
D:4:      corexii_shantytown, layout_loops_ring, trog_three_pillars_becter,
          serial_shops, shop, uniq_ijyb, uniq_grinder
D:5:      layout_basic, okawaru_trees_1, tso_oasis_becter,
          minmay_misc_feat_encased, uniq_edmund
D:6:      layout_basic, temple_statues, serial_shops, kennysheep_mini
D:7:      layout_rooms, nicolae_hepliaklqana_monster_ancestors,
          old_standard_altar, nzn_makhleb_speed_demon, uniq_duvessa
D:8:      layout_cave_pools, nicolae_kikubaaqudgha_miasma_corner, enter_bailey_3
Bailey:   bailey_polearm_4, bailey

Skill      XL: |  1  2  3  4  5  6  7  8  9 |
---------------+----------------------------+-----
Unarmed Combat | 1 2 |  2.0
Long Blades    | 2 3 4 6 7 8 |  8.4
Shields        | 1 2 3 4 |  4.0
Fighting       | 4 5 6 7 |  7.0
Armour         | 2 3 |  3.3
Dodging        | |  1.7
Stealth        | |  4.5

Action                   |  1- 3 |  4- 6 |  7- 9 || total
-------------------------+-------+-------+-------++-------
Melee: Falchion          |    92 |   101 |    27 ||   220
       Kick              |    20 |    28 |    57 ||   105
       Long sword        |       |       |   168 ||   168
Throw: Stone             |    69 |    56 |   107 ||   232
       Dart              |       |    24 |       ||    24
Invok: Berserk           |     3 |     8 |    16 ||    27
       Trog's Hand       |       |       |     2 ||     2
Evoke: Wand              |       |       |    46 ||    46
  Use: Scroll            |     1 |       |    11 ||    12
       Potion            |       |       |     4 ||     4
 Stab: Sleeping          |     1 |     2 |       ||     3
Armor: Ring mail         |    32 |    41 |    19 ||    92
       Scale mail        |       |       |    40 ||    40
Dodge: Dodged            |    75 |    45 |    84 ||   204
Block: Buckler           |     5 |    24 |    20 ||    49
       Kite shield       |       |       |    49 ||    49
       Rpst.: Falchion   |    17 |    16 |     5 ||    38
       Long sword        |       |       |    21 ||    21

Table legend: (Time is in decaauts)
 A = Elapsed time spent in this place.
 B = Non-inter-level travel time spent in this place.
 C = Inter-level travel time spent in this place.
 D = Time resting spent in this place.
 E = Time spent auto-exploring this place.
 F = Levels seen in this place.
 G = Mean time per level.
                   A        B        C        D        E       F      G
               +--------+--------+--------+--------+--------+-----+--------+
         Total |   8271 |   7999 |    272 |   1819 |   4601 |   9 |  919.0 |
       Dungeon |   8012 |   7740 |    272 |   1634 |   4601 |   8 | 1001.5 |
        Bailey |    258 |    258 |      0 |    185 |      0 |   1 |  258.0 |
               +--------+--------+--------+--------+--------+-----+--------+

Top non-repeatable levels by time:
     D:4: 1812 daAuts
     D:1: 1224 daAuts
     D:3: 1208 daAuts
     D:6: 1057 daAuts
     D:2: 953 daAuts
     D:5: 944 daAuts
     D:7: 486 daAuts
     D:8: 324 daAuts
  Bailey: 258 daAuts
